 Dungeon Crawl Stone Soup version 0.28-a0-834-g1a73be5ee4 (webtiles) character file.

Game seed: 12948699682989329054

1218 jsc133 the Ruffian (level 8, -9/78 HPs)
             Began as a Troll Berserker on Nov 11, 2021.
             Was a Believer of Trog.
             Mangled by Harold (21 damage)
             ... on level 7 of the Dungeon on Apr 19, 2022.
             The game lasted 00:22:55 (3002 turns).

jsc133 the Ruffian (Troll Berserker)                Turns: 3002, Time: 00:22:56

Health: -9/78      AC:  4    Str: 27    XL:     8   Next: 22%
Magic:  7/7        EV: 10    Int:  4    God:    Trog [**....]
Gold:   144        SH:  0    Dex:  9    Spells: 7/7 levels left

rFire   . . .      SeeInvis .     - Unarmed
rCold   . . .      Faith    .   (no shield)
rNeg    . . .      Spirit   .   a - +0 animal skin
rPois   .          Reflect  .   (helmet restricted)
rElec   .          Harm     .   (no cloak)
rCorr   .          Rampage  .   (gloves unavailable)
Will    .....                   (boots unavailable)
Stlth   +.........              A - amulet of the acrobat
HPRegen 1.23/turn               (no ring)
MPRegen 0.10/turn               (no ring)

@: no status effects
A: large, unfitting armour, claws 3, regeneration 1, shaggy fur 1, tough skin 1
a: Renounce Religion, Berserk, Trog's Hand


You were on level 7 of the Dungeon.
You worshipped Trog.
Trog was pleased with you.
You visited 1 branch of the dungeon, and saw 5 of its levels.

You collected 144 gold pieces.

Inventory:

Hand Weapons
 i - a +0 flail
 m - a +0 long sword
 n - a +0 flail
 q - a +0 dagger
 r - a +0 dagger
 s - a +0 dagger
 t - a +0 club
 u - a +0 club
 v - a +0 dagger
 y - a +0 whip
Missiles
 w - 88 stones
Armour
 a - a +0 animal skin (worn)
 g - a +0 leather armour
Magical Staves
 o - a staff of cold
Jewellery
 x - a ring of resist corrosion
 A - an amulet of the acrobat (around neck)
Wands
 h - a wand of digging (6) (quivered)
Scrolls
 b - a scroll of enchant armour {unknown}
 c - a scroll of brand weapon {unknown}
 d - a scroll of teleportation {unknown}
 e - 2 scrolls of identify {unknown}
 f - 2 scrolls of noise {unknown}
 j - a scroll of fear {unknown}
Potions
 k - 2 potions of attraction {unknown}
 p - a potion of heal wounds {unknown}
 z - a potion of haste {unknown}
Miscellaneous
 l - a piece from Xom's chessboard (15/15)


   Skills:
 + Level 3.9 Fighting
 + Level 4.9 Dodging
 + Level 1.3 Stealth
 + Level 7.7 Unarmed Combat


You had 7 spell levels left.
You didn't know any spells.
Your spell library contained the following spells:

 Spells                   Type           Power      Damage    Failure   Level
 Magic Dart               Conj           0%         1d3       50%         1
 Call Imp                 Summ           0%         N/A       65%         2
 Mephitic Cloud           Conj/Pois/Air  0%         N/A       86%         3


Dungeon Overview and Level Annotations

Branches:
Dungeon (7/15)
 Temple: D:4-7

Altars:
Uskayaw
Vehumet
Xom

Annotations:
D:7 exclusion: statue, Harold


Innate Abilities, Weirdness & Mutations

You are too large for most types of armour.
You have claws for hands.
Your natural rate of healing is unusually fast.
You are covered in fur. (AC +1)
You have tough skin. (AC +1)


Message History

You mangle the water moccasin!!
You kill the water moccasin!
Trog accepts your kill.
You see here a water moccasin corpse.
Harold the Weathered comes into view.
He is wielding a +4 flail of holy wrath and wearing a +3 chain mail of poison resistance.
Harold shouts!
Harold fires a harpoon shot at you. The harpoon shot misses you.
Harold barely misses you.
You claw Harold!
Harold is lightly wounded.
Harold hits you with a +4 flail of holy wrath!!
You scratch Harold but do no damage.
Harold is lightly wounded.
Harold hits you with a +4 flail of holy wrath!
You scratch Harold but do no damage.
Harold is lightly wounded.
Harold hits you with a +4 flail of holy wrath.
You barely miss Harold.
Harold is lightly wounded.
Harold hits you with a +4 flail of holy wrath!!
* * * LOW HITPOINT WARNING * * *
You closely miss Harold.
Harold is lightly wounded.
Harold hits you with a +4 flail of holy wrath!
* * * LOW HITPOINT WARNING * * *
Harold fires a harpoon shot at you. The harpoon shot hits you.
* * * LOW HITPOINT WARNING * * *
You are yanked forward by the harpoon shot.
Harold is nearby!
Harold is nearby!
Harold is nearby!
You feel better.
Harold hits you with a +4 flail of holy wrath.
* * * LOW HITPOINT WARNING * * *
You claw Harold!
Harold is moderately wounded.
Harold hits you with a +4 flail of holy wrath!!
You die...

#### ..######
### #.##...
.....##.##.###
......@@.....#
........##.#.#
.....#####.#.#
#... #.#.###.#
##. #.†.....#
# ###.#####
#.# ##+## #.#
##...## #.#


You could see Harold.

Vanquished Creatures
  A centaur zombie (D:7)
  Edmund (D:4)
  A water moccasin (D:7)
  A sky beast (D:7)
  A centaur (D:7)
  A scorpion (D:4)
  4 wights (D:7)
  A bullfrog zombie (D:7)
  A jelly (D:4)
  2 hounds
  Terence (D:3)
  An iguana (D:7)
  2 orc wizards (D:7)
  A hound skeleton (D:4)
  2 adders (D:3)
  A shadow imp (D:3)
  A white imp (D:7)
  3 orcs
  3 bats
  3 endoplasms
  8 goblins (D:3)
  4 hobgoblins
  5 quokkas
  3 ball pythons
  A frilled lizard (D:1)
  4 kobolds
  A rat (D:1)
  A butterfly (D:3)
59 creatures vanquished.

Notes
Turn   | Place    | Note
-------+----------+-------------------------------------------
     0 | D:1      | jsc133 the Troll Berserker began the quest for the Orb.
     0 | D:1      | Reached XP level 1. HP: 22/22 MP: 0/0
   232 | D:1      | Reached XP level 2. HP: 29/29 MP: 1/1
   488 | D:3      | Found a shimmering altar of Xom.
   681 | D:3      | Reached XP level 3. HP: 21/36 MP: 2/2
   797 | D:3      | Noticed Terence
   803 | D:3      | Killed Terence
  1074 | D:3      | Reached XP level 4. HP: 23/45 MP: 3/3
  1105 | D:3      | Found a hide-covered altar of Uskayaw.
  1162 | D:4      | Noticed a scorpion
  1172 | D:4      | Killed a scorpion
  1173 | D:4      | Reached skill level 4 in Unarmed Combat
  1382 | D:3      | Reached XP level 5. HP: 53/53 MP: 4/4
  1840 | D:4      | Noticed Edmund
  1848 | D:4      | Killed Edmund
  1849 | D:4      | Reached skill level 5 in Unarmed Combat
  1849 | D:4      | Reached XP level 6. HP: 46/61 MP: 5/5
  1858 | D:4      | Reached ** piety under Trog
  2232 | D:4      | You fall into a shaft and drop 3 floors!
  2415 | D:7      | Found a radiant altar of Vehumet.
  2452 | D:7      | Noticed a sky beast
  2456 | D:7      | Killed a sky beast
  2457 | D:7      | Reached skill level 1 in Stealth
  2457 | D:7      | Reached skill level 6 in Unarmed Combat
  2457 | D:7      | Reached XP level 7. HP: 59/67 MP: 6/6
  2813 | D:7      | Reached skill level 7 in Unarmed Combat
  2813 | D:7      | Reached XP level 8. HP: 78/78 MP: 7/7
  2990 | D:7      | Noticed Harold
  3002 | D:7      | Mangled by Harold

Illustrated notes

Levels and vault maps discovered:
D:1:      sevenhm_arrival_forest_fort_small_6, layout_loops_corners,
          shapermc_ecumenical_altar_petra, minmay_large_rounded_square,
          hangedman_decor_push, minmay_tetromino_s4
D:2:      layout_loops_cross, st_stairs_13, kennysheep_decorative_pillar,
          hex_tiny
D:3:      layout_loops_cross, general_overflow_altar, xom_butterflies,
          hangedman_decor_riveting, minmay_goblin_outpost,
          uniq_crazy_yiuf_cottage, uniq_terence
D:4:      layout_basic, uniq_edmund
D:7:      layout_loops_corners, vehumet_statue, minmay_temple_entry_hall,
          chequers_mini_garden, uniq_harold

Skill      XL: |  1  2  3  4  5  6  7 |
---------------+----------------------+-----
Fighting       | 3 |  3.9
Dodging        | 3 4 |  4.9
Unarmed Combat | 4 5 6 7 |  7.7
Stealth        | 1 |  1.3

Action                   |  1- 3 |  4- 6 |  7- 9 || total
-------------------------+-------+-------+-------++-------
Melee: Unarmed           |    83 |    99 |    44 ||   226
       Punch             |     2 |     2 |     3 ||     7
  Use: Potion            |       |     1 |     1 ||     2
 Stab: Sleeping          |     1 |       |     1 ||     2
Armor: Animal skin       |    23 |    29 |    11 ||    63
Dodge: Dodged            |    34 |    42 |    21 ||    97

Table legend: (Time is in decaauts)
 A = Elapsed time spent in this place.
 B = Non-inter-level travel time spent in this place.
 C = Inter-level travel time spent in this place.
 D = Time resting spent in this place.
 E = Time spent auto-exploring this place.
 F = Levels seen in this place.
 G = Mean time per level.
                   A        B        C        D        E       F      G
               +--------+--------+--------+--------+--------+-----+--------+
         Total |   2985 |   2985 |      0 |    156 |     15 |   5 |  597.0 |
       Dungeon |   2985 |   2985 |      0 |    156 |     15 |   5 |  597.0 |
               +--------+--------+--------+--------+--------+-----+--------+

Top non-repeatable levels by time:
     D:3: 908 daAuts
     D:4: 864 daAuts
     D:7: 761 daAuts
     D:1: 441 daAuts
     D:2: 8 daAuts
